 Dungeon Crawl Stone Soup version 0.26.1-11-gd32895ea62 (webtiles) character file.

Game seed: 959420436569224702

211 Zeld the Chucker (level 5, -4/36 HPs)
             Began as an Octopode Fighter on May 11, 2021.
             Was an Initiate of Okawaru.
             Slain by a worker ant (5 damage)
             ... on level 4 of the Dungeon.
             The game lasted 00:03:14 (4156 turns).

Zeld the Chucker (Octopode Fighter)                 Turns: 4156, Time: 00:03:15

Health: -4/36      AC:  1    Str: 16    XL:     5   Next: 88%
Magic:  10/10      EV: 11    Int: 11    God:    Okawaru [......]
Gold:   200        SH:  8    Dex: 11    Spells: 10/10 levels left

rFire    . . .     SeeInvis .   a - +0 war axe
rCold    . . .     Faith    .   b - +0 kite shield
rNeg     . . .     Spirit   .   (helmet restricted)
rPois    .         Reflect  .   (no amulet)
rElec    .         Harm     .   (no ring)
rCorr    .         Rampage  .   (no ring)
Will     .....                  (no ring)
Stlth    ++........             (no ring)
HPRegen  0.12/turn              (no ring)
MPRegen  0.12/turn              (no ring)
                                (no ring)
                                (no ring)

@: no status effects
A: almost no armour, stealthy swim, amphibious, 8 rings, constrict 8, camouflage
1, gelatinous body 1
a: Renounce Religion


You were on level 4 of the Dungeon.
You worshipped Okawaru.
Okawaru was noncommittal.
You visited 2 branches of the dungeon, and saw 5 of its levels.

You collected 200 gold pieces.

Inventory:

Hand Weapons
 a - a +0 war axe (weapon)
Missiles
 d - 5 javelins (quivered)
Armour
 b - a +0 kite shield (worn)
Jewellery
 f - an uncursed ring of magical power {unknown}
 g - an uncursed ring of protection from cold {unknown}
Scrolls
 e - 3 scrolls of enchant armour {unknown}
 h - 2 scrolls of amnesia {unknown}
 i - 2 scrolls of blinking {unknown}
 j - a scroll of remove curse {unknown}
 k - 2 scrolls of identify {unknown}
 l - a scroll of magic mapping {unknown}
 m - 3 scrolls of enchant weapon {unknown}
 n - a scroll of noise {unknown}
 p - a scroll of fog {unknown}
Potions
 c - 2 potions of might
 o - 2 potions of curing {unknown}
 q - a potion of flight {unknown}


   Skills:
 - Level 3.0 Fighting
 - Level 2.0 Axes
 * Level 3.7 Throwing
 - Level 3.0 Dodging
 - Level 3.0 Shields
 * Level 3.3 Spellcasting


You had 10 spell levels left.
You didn't know any spells.
Your spell library was empty.

Dungeon Overview and Level Annotations

Branches:
Dungeon (4/15)             Temple (1/1) D:4

Altars:
Ashenzari
Cheibriados
Fedhas
Gozag
Hepliaklqana
Kikubaaqudgha
Makhleb
Nemelex Xobeh
Okawaru
Ru
Sif Muna
Wu Jian
Xom
Zin
Lugonu


Innate Abilities, Weirdness & Mutations

You cannot wear most types of armour.
You are very stealthy in the water. (Stealth+)
You are amphibious.
You can wear up to eight rings at the same time.
You can use your tentacles to constrict eight enemies at once.
Your skin changes colour to match your surroundings (Stealth+).
Your rubbery body absorbs attacks. (AC +1, EV +1)


Message History

You hit the worker ant. Your grab misses the worker ant.
The worker ant is lightly wounded.
The worker ant bites you.
* * * LOW HITPOINT WARNING * * *
You block the worker ant's attack. The phantom hits you.
* * * LOW HITPOINT WARNING * * *
You hit the worker ant. You grab the worker ant.
The worker ant is heavily wounded.
You constrict the worker ant, but do no damage.
You block the worker ant's attack. The worker ant barely misses you.
You hit the worker ant but do no damage.
The worker ant is heavily wounded.
You constrict the worker ant. The worker ant barely misses you.
The worker ant bites you.
* * * LOW HITPOINT WARNING * * *
You hit the worker ant.
The worker ant is almost dead.
You constrict the worker ant, but do no damage.
The worker ant bites you.
You die...

#......##......#.#.#
#..
#..............#.#.##
#..
#§.....##.....##.#..##
#.. #≈§≈≈§.........#
#...# #..
#≈§§§.≈≈..##.####
###'## #..
#≈.§≈≈.≈..##.### ♣♣..♣
#.. #≈≈.○○§§§.#....#
#♣.♣.♣# #..
#≈.≈.o§≈§.####.#
#.♣♣♣.# #..
#≈≈.§§§§§.# #@#
#♣.♣.♣# #..
##≈≈≈≈§..?#
#B###.###### ###
#.§§§...####Wo...#.
#.......##.........#
#..................#
##########........##
#..........
####....... .......


You could see a phantom, a worker ant and an orc.

Vanquished Creatures
  An orc priest (D:4)
  An orc wizard (D:4)
  Robin (D:4)
  3 gnolls (D:2)
  An adder (D:3)
  An ooze (D:1)
  4 worms
  2 dart slugs (D:1)
  4 leopard geckos
  3 orcs
  8 bats
  4 giant cockroaches
  14 goblins
  9 hobgoblins
  3 jackals (D:1)
  4 quokkas
  2 ball pythons (D:3)
  A ball python skeleton (D:4)
  4 frilled lizards
  4 kobolds
  3 rats
77 creatures vanquished.

Vanquished Creatures (others)
  An orc wizard (D:4)
  A jackal (D:4)
  A quokka (D:4)
  A frilled lizard (D:4)
4 creatures vanquished.

Grand Total: 81 creatures vanquished

Notes
Turn   | Place    | Note
-------+----------+-------------------------------------------
     0 | D:1      | Zeld the Octopode Fighter began the quest for the Orb.
     0 | D:1      | Reached XP level 1. HP: 16/16 MP: 1/1
   331 | D:1      | Reached skill level 1 in Throwing
   331 | D:1      | Reached skill level 1 in Spellcasting
   331 | D:1      | Reached XP level 2. HP: 16/21 MP: 3/3
   711 | D:1      | Reached XP level 3. HP: 21/26 MP: 3/5
   875 | D:2      | Found a faded altar of an unknown god.
  1114 | D:1      | Reached XP level 4. HP: 21/31 MP: 5/7
  1683 | D:2      | Found an iron altar of Okawaru.
  1697 | D:2      | Became a worshipper of Warmaster Okawaru
  1924 | D:3      | Found an ornate altar of the Wu Jian Council.
  1924 | D:3      | Found an ancient bone altar of Kikubaaqudgha.
  1926 | D:3      | Found a glowing silver altar of Zin.
  1928 | D:3      | Found a sacrificial altar of Ru.
  1929 | D:3      | Found a snail-covered altar of Cheibriados.
  2415 | D:3      | Reached XP level 5. HP: 36/36 MP: 9/9
  2627 | D:4      | Found a staircase to the Ecumenical Temple.
  2641 | Temple   | Entered the Ecumenical Temple
  2728 | D:4      | Noticed Robin
  3116 | D:4      | Noticed a phantom
  3628 | D:4      | Killed Robin
  4130 | D:4      | Found a shimmering altar of Xom.
  4155 | D:4      | HP: 1/36 [worker ant (3)]
  4156 | D:4      | Slain by a worker ant

Illustrated notes

Levels and vault maps discovered:
D:1:      scummos_arrival_checkerplants, layout_rooms, serial_glass,
          glass_columns_b, glass_columns_c
D:2:      layout_basic, serial_curves, eino_curves_02, eino_curves_04,
          chequers_ecumenical_altar_island, okawaru_ov_weapons_minmay
D:3:      layout_basic, grunt_temple_overflow_open
D:4:      layout_basic, nicolae_tso_besieged_by_evil,
          minmay_temple_entry_junction, chequers_arboretum, xom_confusion_cloud,
          uniq_robin
Temple:   corrupted_temple

Skill      XL: |  1  2  3  4  5 |
---------------+----------------+-----
Throwing       | 1 2 3 |  3.7
Spellcasting   | 1 2 3 |  3.3
Fighting       | |  3.0
Axes           | |  2.0
Dodging        | |  3.0
Shields        | |  3.0

Action                   |  1- 3 |  4- 6 || total
-------------------------+-------+-------++-------
Melee: War axe           |    56 |    80 ||   136
       Constrict         |    16 |    23 ||    39
       Tentacles         |    10 |    16 ||    26
 Stab: Sleeping          |     5 |     4 ||     9
       Distracted        |     1 |       ||     1
Armor: Skin              |     4 |     2 ||     6
Dodge: Dodged            |    31 |    40 ||    71
Block: Kite shield       |    27 |    43 ||    70
